 Dungeon Crawl Stone Soup version 0.31-a0-1225-g50297eb6a4 (webtiles) character file.

Game seed: 7075691842352156151

107 Dirtsage the Caller (level 4, -10/27 HPs)
             Began as an Octopode Summoner on Dec 14, 2023.
             Killed by divine providence
             ... invoked by an orc priest
              (14 damage)
             ... on level 3 of the Dungeon.
             The game lasted 00:04:54 (2322 turns).

Dirtsage the Caller (Octopode Summoner)             Turns: 2322, Time: 00:04:54

Health: -10/27     AC: 12    Str:  9    XL:     4   Next: 86%
Magic:  5/7        EV: 19    Int: 17    God:
Gold:   76         SH:  0    Dex: 12    Spells: 1/7 levels left

rFire   . .          .
                       - Unarmed
rCold   . . .        (shield currently unavailable)
rNeg    + + +        (helmet currently unavailable)
rPois   +            (no amulet)
rElec   .            (no ring)
rCorr   .            (no ring)
SInv    .            (no ring)
Will    .....        (no ring)
Stlth   ++           (no ring)
HPRegen 0.24/turn    (no ring)
MPRegen 0.10/turn    (no ring)
                     (no ring)

%: no passive effects
@: fungus-form, inugami summoned
A: melee confuse, terrified, no casting, almost no armour, (amphibious), 8
rings, tiny, (camouflage 1), (gelatinous body 1), (nimble swimmer 1),
(tentacles)
a: no special abilities


You were on level 3 of the Dungeon.
You were a sentient fungus.
You visited 1 branch of the dungeon, and saw 3 of its levels.

You collected 76 gold pieces.

Inventory:

Talismans
 b - a maw talisman
Wands
 h - a wand of quicksilver (9)
Scrolls
 c - 2 scrolls of identify {unknown}
 d - a scroll of summoning {unknown}
 e - a scroll of poison {unknown}
 i - a scroll of enchant armour {unknown}
 j - a scroll of enchant weapon {unknown}
 k - a scroll of noise {unknown}
Potions
 a - a potion of magic
 f - a potion of brilliance {unknown}
 g - a potion of curing {unknown}
 l - a potion of haste {unknown}


   Skills:
 + Level 2.4 Dodging
 - Level 2.6 Stealth
 + Level 2.1 Unarmed Combat
 - Level 2.0 Spellcasting
 * Level 5.3 Summonings


You had one spell level left.
You knew the following spells:

 Your Spells              Type           Power      Damage    Failure   Level
a - Summon Small Mammal   Summ           76%        N/A       2%          1
b - Call Imp              Summ           38%        N/A       3%          2
c - Call Canine Familiar  Summ           19%        N/A       7%          3

Your spell library contained the following spells:

 Spells                   Type           Power      Damage    Failure   Level
 Kiss of Death            Conj/Necr      4%         2d5       19%         1
 Summon Guardian Golem    Hex/Summ       10%        N/A       21%         3
 Confusing Touch          Hex            1%         N/A       50%         3
 Summon Lightning Spire   Summ/Air       10%        N/A       54%         4
 Dispel Undead            Necr           1%         3d6       88%         4
 Petrify                  Tmut/Erth      1%         N/A       88%         4
 Freezing Cloud           Conj/Ice/Air   0%         6-21      99%         5
 Lee's Rapid Deconstruct  Erth           0%         3d4*      99%         5
 Animate Armour           Summ/Erth      Unusable   N/A       N/A         4

Dungeon Overview and Level Annotations

Branches:
Dungeon (3/15)

Altars:
Okawaru
Xom
Lugonu

Annotations:
D:3 2 runed translucent doors


Innate Abilities, Weirdness & Mutations

You are a sentient fungus.
You are tiny and evasive.
Your melee attack releases spores that confuse breathing creatures.
You become terrified and freeze when enemies are visible.
Your armour is entirely melded.
You are incapable of wielding weapons or throwing items.
You cannot cast spells.
You cannot wear most types of armour.
((You are amphibious.))
You can wear up to eight rings at the same time.
((Your skin changes colour to match your surroundings (Stealth+).))
((Your rubbery body absorbs attacks. (AC +1, EV +1)))
((You are camouflaged when in or above water. (Stealth+)))
((You have tentacles for arms and can constrict up to eight enemies at once.))


Message History

The kobold throws a stone.
The stone closely misses you.
Your inugami hits the kobold but does no damage.
An orc comes into view. It is wielding a +0 trident.
The kobold throws a stone.
The stone closely misses you.
Your inugami hits the kobold.
The kobold dies!
You're too terrified to move while being watched!
You're too terrified to move while being watched!
The orc priest hits your inugami but does no damage.
Your inugami hits the orc priest but does no damage.
Your inugami barely misses the orc priest.
Your inugami hits the orc.
Your inugami hits the orc but does no damage.
The orc hits your inugami with a +0 trident.
A goblin comes into view. It is wielding a +0 club.
An orc priest comes into view. It is wielding a +0 flail.
Your inugami barely misses the orc.
You can't do that in your present form.
You can't do that in your present form.
Your inugami barely misses the orc.
The orc hits your inugami but does no damage.
Your inugami hits the orc but does no damage.
The orc hits your inugami but does no damage.
An orc comes into view. It is wielding a +0 hand axe.
Your inugami barely misses the orc.
The orc priest invokes the aid of Beogh against you.
Beogh smites you!
The orc hits your inugami but does no damage.
You take 9 damage, and have 18/27 hp.
MASSIVE DAMAGE!!
Your inugami barely misses the orc.
Your inugami hits the orc. The orc closely misses your inugami.
Your inugami hits the orc. The orc closely misses your inugami.
The orc priest invokes the aid of Beogh against you.
Beogh smites you!
Ouch! That really hurt!
* * * LOW HITPOINT WARNING * * *
The orc priest calls down the wrath of Beogh upon you.
Beogh smites you!
Ouch! That really hurt!
You die...

o#### ###########
ogooh.#.........#
#..f#######.#
#...##....#.#
#.#..#.##.#.#
#.####.#..#.# ##
#. #.#.##.# .. #
# #.#....# #.# .#
#.###### #..
###.# #......#
#.########...#
######.#


You could see 2 orc priests, 2 orcs, a goblin and a friendly inugami (summoned).

Vanquished Creatures
  2 adders
  2 worms (D:2)
  2 dart slugs (D:2)
  An orc (D:3)
  4 ball pythons
  2 bats
  3 endoplasms
  3 giant cockroaches
  5 goblins
  3 hobgoblins
  3 kobolds
  4 frilled lizards
  2 rats (D:1)
36 creatures vanquished.

Vanquished Creatures (collateral kills)
  Terence (D:2)
  A dart slug (D:3)
  A giant cockroach (D:1)
  A hobgoblin (D:1)
  3 kobolds
  A quokka (D:1)
  A ball python (D:1)
  2 bats
  2 frilled lizards
  A goblin (D:1)
  A rat (D:2)
15 creatures vanquished.

Grand Total: 51 creatures vanquished

Notes
Turn   | Place    | Note
-------+----------+-------------------------------------------
     0 | D:1      | Dirtsage the Octopode Summoner began the quest for the Orb.
     0 | D:1      | Reached XP level 1. HP: 11/11 MP: 3/3
   156 | D:1      | Reached XP level 2. HP: 11/17 MP: 0/5
   172 | D:1      | Learned a level 2 spell: Call Imp
   335 | D:1      | Reached skill level 1 in Unarmed Combat
   430 | D:1      | Reached XP level 3. HP: 21/21 MP: 1/6
  1089 | D:2      | Got the Octavo of Damaging Erosion
  1379 | D:2      | Reached skill level 5 in Summonings
  1379 | D:2      | Reached XP level 4. HP: 25/27 MP: 3/7
  1506 | D:2      | Found a shimmering altar of Xom.
  1845 | D:2      | Noticed Terence
  1851 | D:2      | Learned a level 3 spell: Call Canine Familiar
  1861 | D:2      | Killed Terence
  2131 | D:3      | Found a large runed translucent door.
  2131 | D:3      | Found a large runed translucent door.
  2137 | D:3      | Found an iron altar of Okawaru.
  2172 | D:3      | Found a corrupted altar of Lugonu.
  2322 | D:3      | Killed from afar by an orc priest

Illustrated notes

Levels and vault maps discovered:
D:1:      dpeg_arrival_snail, layout_loops_ring
D:2:      kb_forest_paths, layout_basic, basic_altar, uniq_terence
D:3:      due_chaos_kobolds, layout_rooms,
          hellmonk_okawaru_the_only_friend_you_need,
          dreamdust_ecumenical_altar_hidden_monk_grotto, patterned_corridor

Skill      XL: |  1  2  3  4 |
---------------+-------------+-----
Unarmed Combat | 1 2 |  2.1
Summonings     | 5 |  5.3
Dodging        | |  2.4
Stealth        | |  2.6
Spellcasting   | |  2.0

Action                     |  1- 3 |  4- 6 || total
---------------------------+-------+-------++-------
  Melee: Unarmed           |    72 |    27 ||    99
         Tentacles         |    26 |     9 ||    35
         Constrict         |    21 |     6 ||    27
         Punch             |     3 |       ||     3
   Cast: Summon Small Mamm |     9 |     2 ||    11
         Call Imp          |     7 |     2 ||     9
         Call Canine Famil |       |     4 ||     4
   Stab: Sleeping          |    10 |     1 ||    11
 Armour: Skin              |    27 |     9 ||    36
  Dodge: Dodged            |    50 |    18 ||    68

Table legend: (Time is in decaauts)
 A = Elapsed time spent in this place.
 B = Non-inter-level travel time spent in this place.
 C = Inter-level travel time spent in this place.
 D = Time resting spent in this place.
 E = Time spent auto-exploring this place.
 F = Levels seen in this place.
 G = Mean time per level.
                   A        B        C        D        E       F      G
               +--------+--------+--------+--------+--------+-----+--------+
         Total |   2318 |   2231 |     87 |    111 |   1739 |   3 |  772.7 |
       Dungeon |   2318 |   2231 |     87 |    111 |   1739 |   3 |  772.7 |
               +--------+--------+--------+--------+--------+-----+--------+

Top non-repeatable levels by time:
     D:2: 1198 daAuts
     D:1: 896 daAuts
     D:3: 223 daAuts
